 Dungeon Crawl Stone Soup version 0.20.1-1-g8b1a95d (webtiles) character file.

30 darkhara the Skirmisher (level 3, -5/37 HPs)
             Began as an Ogre Skald on Sept 7, 2017.
             Killed from afar by a white imp (7 damage)
             ... with a puff of frost
             ... summoned by Natasha
             ... on level 2 of the Dungeon.
             The game lasted 00:05:35 (1430 turns).

darkhara the Skirmisher (Ogre Skald)                Turns: 1430, Time: 00:05:36

Health: -5/37      AC:  3    Str: 15 (16) XL:     3   Next: 18%
Magic:  6/7        EV: 10    Int: 13 (14) God:
Gold:   46         SH:  0    Dex:  8      Spells: 6/7 levels left

rFire    . . .     SeeInvis .   f - +0 short sword
rCold    . . .     Gourm    .   (no shield)
rNeg     . . .     Faith    .   b - +0 robe
rPois    +         Spirit   .   (helmet restricted)
rElec    .         Reflect  .   (no cloak)
rCorr    .         Harm     .   (gloves unavailable)
MR       .....                  (boots unavailable)
Stlth    +.........             (no amulet)
Regen    0.2/turn               (no ring)
MPRegen  0.1/turn               (no ring)

@: infused (expiring), slowed, very slow
A: unfitting armour, deterioration 1, poison resistance, tough skin 1, sturdy
frame 1
a: no special abilities


You were on level 2 of the Dungeon.
You were not hungry.

You visited 1 branch of the dungeon, and saw 2 of its levels.

You collected 46 gold pieces.

Inventory:

Hand Weapons
 a - a +0 falchion
 f - a +0 short sword (weapon)
Missiles
 h - 13 poisoned needles
Armour
 b - a +0 robe (worn)
 i - a +0 pair of boots
Wands
 k - a wand of lightning (7/15)
Scrolls
 j - a scroll of magic mapping {unknown}
 l - a scroll of identify
 m - a scroll of remove curse
Potions
 g - a potion of magic
Books
 c - a book of Battle

   Spells                             Type                      Level
   a - Infusion                       Charms                       1
   b - Shroud of Golubria             Charms/Translocation         2
   c - Song of Slaying                Charms                       2
   d - Spectral Weapon                Hexes/Charms                 3
   e - Regeneration                   Charms/Necromancy            3
Comestibles
 d - a bread ration


   Skills:
 + Level 3.2 Fighting
 + Level 1.6 Long Blades
 + Level 2.4 Dodging
 + Level 2.8 Spellcasting
 + Level 2.9 Charms


You had 6 spell levels left.
You knew the following spells:

 Your Spells              Type           Power        Failure   Level  Hunger
a - Infusion              Chrm           #...         7%          1    #......


Dungeon Overview and Level Annotations

Branches:
Dungeon (2/15)

Altars:

Annotations:
D:2 Natasha


Innate Abilities, Weirdness & Mutations

You are too large for most types of armour.
You have tough skin. (AC +1)
Your body sometimes deteriorates upon taking damage.
Your system is resistant to poisons. (rPois)
Your movements are slightly less encumbered by armour. (ER -2)


Message History

Your body deteriorates!
You feel dopey.
You hit Natasha!
Natasha is severely wounded.
Natasha claws you but does no damage.
You closely miss Natasha.
Natasha is severely wounded.
Natasha claws you!
* * * LOW HITPOINT WARNING * * *
Natasha casts a spell.
Natasha claws you.
* * * LOW HITPOINT WARNING * * *
Natasha mumbles some strange words.
Natasha glows brightly for a moment.
Natasha stares at you and mumbles some strange words.
You resist with some effort.
The white imp hits you but does no damage.
Your magical infusion is running out.
The white imp gestures at you. The puff of frost hits you!
You die...

..#.###...##♣.♣#♣..#
#.............# #..#
..#.###...##♣.♣##..#
....###..## #....#.####
####..#..####.#.......#
### .♣........####.##.#
#.P♣♣..+####.# #.# #
#.P♣♣....###.####.#
#....P....##...@5.##.####
###.P.......#####h........
###..........# #...#.###.
...'.........+ ..$....#
####.........####.$.#.# #
##.......## #..##.#
##.....## #.## # ##...##
#.# ##+## #.


You could see Natasha and a white imp.

Vanquished Creatures
  An ooze (D:2)
  A worm (D:2)
  3 leopard geckos
  2 hobgoblins
  3 kobolds (D:1)
  A ball python (D:1)
  2 frilled lizards
  3 goblins
  5 rats
21 creatures vanquished.

Notes
Turn   | Place    | Note
-------+----------+-------------------------------------------
     0 | D:1      | darkhara the Ogre Skald began the quest for the Orb.
     0 | D:1      | Reached XP level 1. HP: 22/22 MP: 3/3
    92 | D:1      | Reached XP level 2. HP: 10/29 MP: 5/5
   380 | D:1      | Gained mutation: Your body sometimes deteriorates upon taking damage. [potion of mutation]
   380 | D:1      | Gained mutation: Your system is resistant to poisons. (rPois) [potion of mutation]
   380 | D:1      | Gained mutation: Your movements are slightly less encumbered by armour. (ER -2) [potion of mutation]
   860 | D:2      | Reached skill level 3 in Fighting
  1214 | D:2      | Reached XP level 3. HP: 14/37 MP: 0/7
  1409 | D:2      | Noticed Natasha
  1430 | D:2      | Killed from afar by a white imp

Skill      XL: |  1  2 |
---------------+-------+-----
Fighting       | 3 |  3.2
Long Blades    | |  1.6
Dodging        | |  2.4
Spellcasting   | |  2.8
Charms         | |  2.9

Action                   || total
-------------------------++-------
Melee: Falchion          ||    21
       Short sword       ||    75
 Cast: Infusion          ||     3
  Use: Scroll            ||     3
       Potion            ||     5
  Eat: Bread ration      ||     1
Armor: Robe              ||    28
Dodge: Dodged            ||    72
       Rpst.: Falchion   ||     3
